 Dungeon Crawl Stone Soup version 0.31-a0-1237-gabc64e778c (webtiles) character file.

Game seed: 16408484749533889978

470696 hito the Slayer (level 25, -10/211 (217) HPs)
             Began as a Formicid Fighter on Dec 12, 2023.
             Was the Champion of Wu Jian.
             Mangled by a spriggan berserker
             ... wielding a +0 antimagic war axe
              (15 damage)
             ... on level 2 of the Depths on Dec 16, 2023.
             The game lasted 03:36:30 (65746 turns).

hito the Slayer (Formicid Fighter)                 Turns: 65746, Time: 03:36:31

HP:   -10/211 (217) AC: 31    Str: 30    XL:     25   Next: 55%
MP:   0/20          EV: 19    Int:  5    God:    Wu Jian [******]
Gold: 1648          SH: 16    Dex: 22    Spells: 24/24 levels left

rFire   + + +        r - +10 morningstar "Eos" {elec, Halo rElec}
rCold   . . .        b - +0 kite shield {reflect}
rNeg    . . .        T - +0 plate armour of Igomojay {rPois rF+++ Int-4 Dex+6}
rPois   +            (helmet unavailable)
rElec   +            Y - +2 cloak
rCorr   +            D - +2 pair of gloves {hurl}
SInv    +            H - +2 pair of boots {Stlth+}
Will    ++++.        Q - amulet of Fuben {Spirit Will+} Stlth
                     c - ring of willpower
HPRegen 0.55/turn    m - ring of Ysodit {rCorr Dex+3}
MPRegen 0.17/turn

%: reflection, guardian spirit
@: in a heavenly storm, glowing, studying 3 skills, lightly drained
A: permanent stasis, dig shafts and tunnels, antennae 3, four strong arms, low
MP 1, screaming 1, weak 1
}: 3/15 runes: decaying, slimy, gossamer
a: Dig, Shaft Self, Renounce Religion, Wall Jump, Serpent's Lash, Heavenly Storm


You were on level 2 of the Depths.
You worshipped Wu Jian.
Wu Jian was exalted by your worship.
You visited 10 branches of the dungeon, and saw 45 of its levels.
You also visited: Sewer and Volcano.

You collected 5699 gold pieces.
You spent 4051 gold pieces at shops.

Inventory:

Hand Weapons
 a - a +7 great mace of flaming
 r - the +10 morningstar "Eos" (weapon) {elec, Halo rElec}
   (You bought it in a shop on level 1 of the Depths)

   Halo:      It grants its wielder a halo, revealing invisible creatures and
   increasing accuracy against all within it other than the wielder.
   rElec:     It insulates you from electricity.
Missiles
 s - 12 javelins
 y - 11 datura-tipped darts
 K - 2 silver javelins (quivered)
 M - 34 boomerangs
 N - 11 curare-tipped darts
 X - 3 throwing nets
Armour
 b - a +0 kite shield of reflection (worn)
 e - the +10 chain mail of the Furies {*Slow rElec Int+3 Dex+2}
   (You found it on level 3 of the Elven Halls)

   Int+3:     It affects your intelligence (+3).
   Dex+2:     It affects your dexterity (+2).
   rElec:     It insulates you from electricity.
   *Slow:     It may slow you when you take damage.
 D - a +2 pair of gloves of hurling (worn)
 H - a +2 pair of boots of stealth (worn)
 T - the +0 plate armour of Igomojay (worn) {rPois rF+++ Int-4 Dex+6}
   (You bought it in a shop on level 2 of the Orcish Mines)

   Int-4:     It affects your intelligence (-4).
   Dex+6:     It affects your dexterity (+6).
   rF+++:     It renders you almost immune to fire.
   rPois:     It protects you from poison
 Y - a +2 cloak (worn)
Jewellery
 c - a ring of willpower (left hand)
 m - the ring of Ysodit (right hand) {rCorr Dex+3}
   (You found it on level 5 of the Pits of Slime)

   [ring of resist corrosion]

   Dex+3:     It affects your dexterity (+3).
   rCorr:     It protects you from acid and corrosion.
 C - a ring of ice
 Q - the amulet of Fuben (around neck) {Spirit Will+}
   (You found it on level 3 of the Elven Halls)

   [amulet of guardian spirit]

   Spirit:    It causes incoming damage to be divided between your reserves of
   health and magic.
   Will+:     It increases your willpower.
 S - a ring of positive energy
Wands
 p - a wand of roots (44)
 t - a wand of digging (24)
 u - a wand of flame (71)
 E - a wand of quicksilver (19)
 F - a wand of charming (46)
 O - a wand of mindburst (25)
 P - a wand of polymorph (18)
Scrolls
 l - 3 scrolls of fear
 n - 4 scrolls of fog
 v - 2 scrolls of vulnerability
 w - 13 scrolls of immolation
 B - a scroll of silence
 I - 3 scrolls of enchant armour
 J - 4 scrolls of summoning
 L - 3 scrolls of revelation
 U - 5 scrolls of brand weapon
 V - 6 scrolls of poison
 W - 9 scrolls of identify
Potions
 d - 7 potions of might
 f - 9 potions of curing
 g - 10 potions of brilliance
 h - 3 potions of resistance
 i - 2 potions of heal wounds
 j - 12 potions of enlightenment
 k - 4 potions of mutation
 q - 6 potions of attraction
 x - 2 potions of magic
 A - 5 potions of cancellation
 G - 3 potions of lignification
 R - 3 potions of invisibility


   Skills:
 + Level 22.2 Fighting
 - Level 20.0 Maces & Flails
 - Level 16.0 Throwing
 - Level 21.0 Armour
 - Level 10.0 Dodging
 - Level 3.0 Stealth
 - Level 19.0 Shields
 - Level 15.0 Evocations


You had 24 spell levels left.
You didn't know any spells.
Your spell library contained the following spells:

 Spells                   Type           Power      Damage    Failure   Level
 Kiss of Death            Conj/Necr      0%         2d5       94%         1
 Magic Dart               Conj           0%         1d3       94%         1
 Shock                    Conj/Air       0%         1d3       94%         1
 Sting                    Tmut/Pois      0%         1d3       94%         1
 Call Imp                 Summ           0%         N/A       98%         2
 Cigotuvi's Dreadful Rot  Necr/Pois/Air  0%         N/A       98%         2
 Ensorcelled Hibernation  Hex/Ice        0%         N/A       98%         2
 Jinxbite                 Hex            0%         N/A       98%         2
 Lesser Beckoning         Tloc           0%         N/A       98%         2
 Momentum Strike          Conj/Tloc      0%         3d8       98%         2
 Passwall                 Tmut/Erth      0%         N/A       98%         2
 Poisonous Vapours        Pois/Air       0%         N/A       98%         2
 Searing Ray              Conj           0%         2d4       98%         2
 Sublimation of Blood     Necr           0%         N/A       98%         2
 Wereblood                Tmut           0%         N/A       98%         2
 Dazzling Flash           Conj/Hex       0%         N/A       100%        3
 Frozen Ramparts          Ice            0%         1d1       100%        3
 Gell's Gravitas          Tloc           0%         N/A       100%        3
 Hailstorm                Conj/Ice       0%         3d5       100%        3
 Mephitic Cloud           Conj/Pois/Air  0%         N/A       100%        3
 Ozocubu's Armour         Ice            0%         N/A       100%        3
 Teleport Other           Tloc           0%         N/A       100%        3
 Volatile Blastmotes      Fire/Tloc      0%         2d10      100%        3
 Airstrike                Air            0%         2d(0-16)  100%        4
 Anguish                  Hex/Necr       0%         N/A       100%        4
 Animate Dead             Necr           0%         N/A       100%        4
 Brom's Barrelling Bould  Conj/Erth      0%         2d3       100%        4
 Dispel Undead            Necr           0%         3d6       100%        4
 Fulminant Prism          Conj/Hex       0%         3d5       100%        4
 Iskenderun's Mystic Bla  Conj/Tloc      0%         2d3       100%        4
 Manifold Assault         Tloc           0%         N/A       100%        4
 Olgreb's Toxic Radiance  Pois           0%         N/A       100%        4
 Passage of Golubria      Tloc           0%         N/A       100%        4
 Petrify                  Tmut/Erth      0%         N/A       100%        4
 Summon Ice Beast         Ice/Summ       0%         N/A       100%        4
 Borgnjor's Vile Clutch   Necr/Erth      0%         N/A       100%        5
 Fireball                 Conj/Fire      0%         3d3       100%        5
 Freezing Cloud           Conj/Ice/Air   0%         6-21      100%        5
 Iskenderun's Battlesphe  Conj           0%         2d6       100%        5
 Metabolic Englaciation   Hex/Ice        0%         N/A       100%        5
 Silence                  Hex/Air        0%         N/A       100%        5
 Summon Forest            Summ/Tloc      0%         N/A       100%        5
 Summon Mana Viper        Hex/Summ       0%         N/A       100%        5
 Bombard                  Conj/Erth      0%         9d1       100%        6
 Conjure Ball Lightning   Conj/Air       0%         3x3d6     100%        6
 Death Channel            Necr           0%         N/A       100%        6
 Dispersal                Tloc           0%         N/A       100%        6
 Simulacrum               Ice/Necr       0%         N/A       100%        6
 Starburst                Conj/Fire      0%         6d3       100%        6
 Summon Cactus Giant      Summ           0%         N/A       100%        6
 Haunt                    Necr/Summ      0%         N/A       100%        7
 Monstrous Menagerie      Summ           0%         N/A       100%        7
 Orb of Destruction       Conj           0%         9d5       100%        7
 Ozocubu's Refrigeration  Ice            0%         4d7       100%        7
 Spellforged Servitor     Conj/Summ      0%         N/A       100%        7
 Summon Hydra             Summ           0%         N/A       100%        7
 Discord                  Hex            0%         N/A       100%        8
 Disjunction              Tloc           0%         N/A       100%        8
 Ignition                 Fire           0%         3d3       100%        8
 Infestation              Necr           0%         N/A       100%        8
 Lehudib's Crystal Spear  Conj/Erth      0%         10d2      100%        8
 Maxwell's Capacitive Co  Air            0%         ∞         100%        8
 Polar Vortex             Ice            0%         N/A       100%        9
 Swiftness                Air            Unusable   N/A       N/A         3

Dungeon Overview and Level Annotations

Branches:
Dungeon (15/15)            Temple (1/1) D:6            Lair (5/5) D:9
  Swamp (4/4) Lair:2       Spider (4/4) Lair:2        Slime (5/5) Lair:5
    Orc (2/2) D:11            Elf (3/3) Orc:2        Vaults (4/5) D:14
  Crypt (0/3) Vaults:3     Depths (2/4) D:15          Sewer (visited)
Volcano (visited)

Altars:
Ashenzari
Cheibriados
Dithmenos
Elyvilon
Fedhas
Gozag
Hepliaklqana
Kikubaaqudgha
Makhleb
Nemelex Xobeh
Okawaru
Qazlal
Ru
Sif Muna
Trog
Uskayaw
Vehumet
Wu Jian
Xom
Yredelemnul
Zin
The Shining One

Shops:
D:4 (   D:11 [(   Orc:2 ((=?[   Elf:2 !   Vaults:2 [   Vaults:4 *
Depths:1 (!(

Portals:
Hell: Depths:1 Depths:2
Pandemonium: Depths:2
Trove: D:13 (give 2 scrolls of acquirement)

Annotations:
D:1 exclusion: downstairs
D:6 exclusion: downstairs
D:8 exclusion: downstairs
D:15 3 runed translucent doors, grandjackal's ghost, adept DrGl
Lair:1 exclusion: 2 downstairs
Lair:2 exclusion: 2 downstairs
Swamp:3 exclusion: 2 downstairs
Swamp:4 2 transporters, Nikola; Vioczuc's ghost, adept TrCK
Spider:1 exclusion: downstairs
Spider:2 exclusion: downstairs
Spider:3 2 transporters, exclusion: orange crystal statue, Amnoo's ghost, adept GnSh
Depths:2 exclusion: ice statue


Innate Abilities, Weirdness & Mutations

You cannot be hasted, slowed, berserked, paralysed or teleported.
You can dig through walls and to a lower floor.
You have a pair of large antennae on your head. (SInv)
Your four strong arms can wield two-handed weapons with a shield.
Your magical capacity is low. (-10% MP)
You occasionally shout uncontrollably at your foes.
You are weak. (Str -2)


Message History

The spriggan berserker hits you with a +0 war axe!
* * * LOW HITPOINT WARNING * * *
The polar bear bites you but does no damage.
The polar bear claws you but does no damage.
You block the polar bear's attack.
The spriggan berserker closely misses you.
Things that are here:
a +0 animal skin; a +0 war axe You spin and attack the spriggan berserker.
You impale the spriggan berserker!!
The spriggan berserker is heavily wounded.
The spriggan berserker misses you.
You block the spriggan berserker's attack.
You block the polar bear's attack. x2; The polar bear claws you.
* * * LOW HITPOINT WARNING * * *
There is a huge open gate, spattered with blood here.
Unknown command.
Okay, then.
Throw: 3 javelins (silver)
Press: ? - help, Q - select action, (/) - cycle Shift-Dir - straight line, f - spriggan berserker
Aim: a spriggan berserker, wielding a +0 antimagic war axe, wearing a +0 animal skin and wearing an amulet of regeneration (golden dust, moderately wounded, berserk, haloed, 74% to hit)
You throw a silver javelin.
The silver javelin pierces through the polar bear!!!
You kill the polar bear!
The polar bear's corpse disappears in a puff of smoke!
The silver javelin pierces through the spriggan berserker!
The spriggan berserker is heavily wounded.
The spriggan berserker hits you with a +0 war axe!
* * * LOW HITPOINT WARNING * * *
The spriggan berserker hits you with a +0 antimagic war axe.
* * * LOW HITPOINT WARNING * * *
You feel your power leaking away.
Unknown command.
Unknown command.
Unknown command.
Unknown command.
The spriggan berserker hits you with a +0 war axe!!!
* * * LOW HITPOINT WARNING * * *
The spriggan berserker hits you with a +0 antimagic war axe!
You die...

##................
#(°.8.8.8.8...#.#.
#............#...#
#∩._...........8..
#............#...#
#.°.8.8.8.8...#.#.
##.§§§§§.........
8.........##§○§☼☼........
.......... ###@○○.......
.......... ###ii○..8....
i...8..{.{##G☼°D○##.....
.{......{##☼§D°○○# ##''
{{.{.☼○○##..§○○§§# .
{{{.☼○☼#...°§§.## # {
#☼'{....☼.## ##
###........##
☼#####§°......?##


You could see a storm dragon and 2 spriggan berserkers.

Vanquished Creatures
  the Royal Jelly (Slime:5)
  A dread lich (Vaults:2)
  An ancient lich (Vaults:3)
  Saint Roka (Depths:2)
  The ghost of Phlounder the Demonologist, an adept DjHW of Makhleb (Vaults:3)
  Norris (Depths:2)
  A bone dragon (Depths:2)
  Arachne (Spider:3)
  A tentacled monstrosity (Swamp:4)
  2 deep elf blademasters (Elf:3)
  3 liches
  Asterion (Spider:3)
  19 acid blobs
  5 sphinxes
  2 deep elf master archers (Elf:3)
  2 thorn hunters (Swamp:4)
  Donald (Orc:2)
  Aizul (Swamp:4)
  3 fire giants (Depths:1)
  Roxanne (Elf:1)
  11 azure jellies
  11 vault wardens
  6 deep elf sorcerers
  4 fenstrider witches (Swamp:4)
  17 rockslimes
  5 ghost moths
  6 deep elf elementalists (Elf:3)
  A frost giant (Depths:1)
  9 emperor scorpions
  A balrug (Depths:2)
  An orc warlord (Vaults:4)
  A ghoul (Swamp:4)
  13 quicksilver oozes
  8 ironbound preservers
  2 spriggan defenders (Depths:2)
  A reaper (Swamp:4)
  4 war gargoyles
  6 formless jellyfish
  4 ironbound thunderhulks
  3 broodmothers
  4 stone giants (Depths:1)
  4 vampire knights
  6 eleionomae
  A bunyip (Swamp:3)
  6 spark wasps
  5 deep elf demonologists (Elf:3)
  6 deep elf annihilators
  9 dire elephants
  5 deep elf death magi
  A blizzard demon (Depths:2)
  A green death (Swamp:4)
  4 fire dragons
  3 crystal guardians (Vaults:3)
  2 shambling mangroves
  Josephine (Lair:5)
  10 entropy weavers
  8 yaktaur captains
  2 rakshasas (Depths:1)
  8 deep elf high priests
  8 great orbs of eyes
  7 peacekeepers
  9 vault guards
  22 hydras
  4 ogre magi
  4 spriggan air magi
  2 jorogumos
  6 catoblepae
  4 radroaches
  18 centaur warriors
  14 two-headed ogres
  4 alligators
  10 ironbound frosthearts
  A ghost crab (Swamp:4)
  14 death yaks (Lair:5)
  4 deep troll earth magi
  12 demonic crawlers
  8 tengu warriors
  9 boulder beetles
  3 deep troll shamans (Depths:1)
  6 hell hogs (Depths:2)
  An orc high priest (Elf:1)
  25 dancing weapons
  5 spriggan berserkers (Depths:2)
  3 sun demons (Depths:2)
  Amaemon (Lair:3)
  10 spriggans
  3 shadow wraiths (Depths:2)
  4 skysharks
  21 deep elf knights
  8 skeletal warriors
  6 iron trolls
  7 pharaoh ants
  3 soul eaters (Depths:2)
  26 deep trolls
  A sixfirhy (Swamp:4)
  5 goliath frogs
  A glowing orange brain (Slime:5)
  2 quicksilver dragon simulacra (Depths:2)
  5 spriggan druids
  12 orb spiders
  4 bog bodies
  5 arcanists
  2 phantasmal warriors (Depths:1)
  10 swamp dragons
  19 deep elf archers
  7 steelbarb worms
  18 ironbound convokers
  10 lindwurms
  6 orc knights
  6 harpies (Vaults:2)
  2 necromancers
  28 deep elf pyromancers
  15 deep elf zephyrmancers
  27 wolf spiders
  5 will-o-the-wisps
  3 cyclopes
  40 ugly things
  3 shining eyes
  5 orc sorcerers
  8 manticores
  3 salamanders (Volcano)
  2 human zombies
  10 elephants
  A human skeleton (Vaults:1)
  5 kobold blastminers
  6 black mambas
  5 moths of wrath
  7 torpor snails
  18 cane toads
  An eye of devastation (Slime:5)
  17 vault sentinels
  A cane toad (shapeshifter) (D:14)
  2 gargoyles
  A stone giant skeleton (Vaults:1)
  An eye of devastation (shapeshifter) (Depths:1)
  2 orange demons
  3 freezing wraiths
  2 unseen horrors
  Jeremiah (D:6)
  22 yaktaurs
  4 rime drakes
  16 komodo dragons
  An efreet (D:13)
  2 ice devils (Depths:2)
  3 kobold demonologists
  2 tengu conjurers
  5 trolls
  A hellwing (Swamp:4)
  2 polar bears
  A queen bee (shapeshifter) (D:13)
  A bloated husk (Swamp:3)
  7 meliai
  A shadow dragon simulacrum (Vaults:4)
  13 tyrant leeches
  3 glass eyes
  18 hornets
  42 tarantellas
  6 dream sheep (Lair:4)
  22 blink frogs
  Sigmund (D:2)
  A fire giant simulacrum (Vaults:4)
  37 jumping spiders
  6 air elementals
  110 slime creatures
  A vampire (D:12)
  23 culicivoras
  A shadow (D:11)
  50 yaks
  12 fire bats
  A yak (shapeshifter) (D:14)
  A basilisk (shapeshifter) (D:14)
  9 basilisks
  6 fire elementals
  6 wraiths
  4 humans (D:14)
  3 water elementals (Elf:1)
  9 wyverns
  13 golden eyes
  2 neqoxecs (Swamp:4)
  58 redbacks
  11 vampire mosquitoes
  7 steam dragons
  A chaos spawn (Swamp:4)
  A warg (Depths:2)
  12 swamp worms
  2 swamp worms (shapeshifter)
  A hell hound (Spider:2)
  4 acid dragons
  An ogre skeleton (Vaults:1)
  11 water moccasins
  A swamp drake (Swamp:2)
  40 orc warriors
  3 sky beasts
  2 ice beasts
  4 black bears
  9 ogres
  4 ettin simulacra (Depths:2)
  13 wolves
  6 boggarts
  15 centaurs
  A phantom (D:6)
  10 bullfrogs
  7 kobold brigands
  A necrophage (Swamp:4)
  5 earth elementals
  3 scorpions
  10 wights (D:8)
  11 killer bees
  2 electric eels
  3 howler monkeys
  2 jellies (D:5)
  Crazy Yiuf (D:5)
  14 orc priests
  3 hounds
  A sleepcap (D:6)
  Jessica (D:3)
  25 orc wizards
  4 iguanas
  5 hell rats (Lair:1)
  A gnoll (D:1)
  10 adders
  2 river rats (D:4)
  A shadow imp (D:7)
  A white imp (D:8)
  4 worms
  2 dart slugs (D:3)
  91 orcs
  8 endoplasms
  4 giant cockroaches
  6 goblins
  9 hobgoblins
  10 jackals
  33 kobolds
  3 quokkas
  8 ball pythons
  7 bats
  A frilled lizard (D:1)
  8 rats
1870 creatures vanquished.

Vanquished Creatures (collateral kills)
  A ghost moth (Spider:2)
  An eleionoma (Swamp:2)
  A spriggan air mage (Swamp:2)
  A jorogumo (Spider:1)
  A spriggan berserker (Swamp:2)
  A pharaoh ant (Spider:1)
  A steelbarb worm (Spider:2)
  A tarantella (Spider:1)
  2 hornets (Swamp:2)
  A culicivora (Spider:1)
  A jumping spider (Spider:3)
  2 spriggans (Swamp:2)
  3 redbacks
17 creatures vanquished.

Vanquished Creatures (others)
  An orb spider (Spider:3)
  An orc knight (Orc:2)
  3 deep elf pyromancers
  A deep elf zephyrmancer (Elf:2)
  2 wolf spiders
  2 bloated husks
  A jumping spider (Spider:2)
  A slime creature (Slime:2)
  A spriggan (Swamp:4)
  A culicivora (Spider:2)
  A redback (Spider:4)
  A vampire mosquito (Swamp:2)
  2 swamp worms (Swamp:1)
  An orc (Elf:1)
  13 foxfires
32 creatures vanquished.

Grand Total: 1919 creatures vanquished

Notes
Turn   | Place    | Note
-------+----------+-------------------------------------------
     0 | D:1      | hito the Formicid Fighter began the quest for the Orb.
     0 | D:1      | Reached XP level 1. HP: 18/18 MP: 1/1
   146 | D:1      | Reached XP level 2. HP: 10/25 MP: 2/2
   267 | D:1      | Found a faded altar of an unknown god.
   426 | D:1      | Reached XP level 3. HP: 30/30 MP: 3/3
   666 | D:1      | Reached skill level 4 in Fighting
   965 | D:2      | Noticed Sigmund
  1051 | D:2      | Killed Sigmund
  1052 | D:2      | Reached skill level 5 in Fighting
  1052 | D:2      | Reached XP level 4. HP: 27/39 MP: 4/4
  1052 | D:2      | Reached XP level 5. HP: 30/44 MP: 5/5
  1052 | D:2      | Reached XP level 6. HP: 35/51 MP: 6/6
  1144 | D:2      | Reached skill level 5 in Maces & Flails
  1242 | D:2      | Found a glowing silver altar of Zin.
  2203 | D:3      | Noticed Jessica
  2211 | D:3      | Killed Jessica
  2677 | D:4      | Found Zyisiots's Weapon Boutique.
  2772 | D:4      | Reached skill level 1 in Evocations
  2772 | D:4      | Reached XP level 7. HP: 56/56 MP: 7/7
  2937 | D:4      | Found a glowing drain.
  2947 | Sewer    | Entered a sewer
  3096 | Sewer    | Found a white marble altar of Elyvilon.
  3467 | D:4      | Found an opulent altar of Gozag.
  3798 | D:5      | Entered Level 5 of the Dungeon
  3905 | D:5      | Noticed a water moccasin
  3922 | D:5      | Killed a water moccasin
  3923 | D:5      | Reached skill level 6 in Fighting
  3923 | D:5      | Reached XP level 8. HP: 60/64 MP: 8/8
  4010 | D:5      | Reached skill level 5 in Armour
  4054 | D:5      | Reached skill level 7 in Fighting
  4287 | D:5      | Found a runed translucent door.
  4288 | D:5      | Noticed Crazy Yiuf
  4298 | D:5      | Killed Crazy Yiuf
  4498 | D:6      | Reached XP level 9. HP: 33/72 MP: 9/9
  4878 | D:6      | Found a staircase to the Ecumenical Temple.
  4888 | Temple   | Entered the Ecumenical Temple
  4895 | D:6      | Identified the ring of Testroame {rPois Int+3}
  4931 | Temple   | Became a worshipper of the Wu Jian Council
  4961 | D:6      | Noticed Jeremiah
  4980 | D:6      | Killed Jeremiah
  5492 | D:6      | Found a stormy altar of Qazlal.
  5492 | D:6      | Found a shimmering altar of Xom.
  5591 | D:7      | Reached skill level 10 in Maces & Flails
  6075 | D:7      | Reached XP level 10. HP: 79/79 MP: 10/10
  6085 | D:7      | Reached * piety under Wu Jian
  7634 | D:9      | Reached ** piety under Wu Jian
  7639 | D:9      | Found a staircase to the Lair.
  7864 | D:9      | Reached XP level 11. HP: 84/84 MP: 11/11
  8519 | D:9      | Found an ancient bone altar of Kikubaaqudgha.
  8530 | D:9      | Found a basalt altar of Yredelemnul.
  8530 | D:9      | Found a sparkling altar of Nemelex Xobeh.
  8531 | D:9      | Found a bloodstained altar of Trog.
  8753 | Lair:1   | Entered Level 1 of the Lair of Beasts
  8947 | Lair:1   | Reached skill level 15 in Maces & Flails
  9184 | Lair:1   | Reached *** piety under Wu Jian
 10328 | Lair:2   | Found a hole to the Spider Nest.
 10501 | Lair:2   | Reached XP level 12. HP: 84/91 MP: 12/12
 10635 | Lair:2   | Reached skill level 8 in Fighting
 10713 | Lair:2   | Reached skill level 5 in Evocations
 10878 | Lair:2   | Reached **** piety under Wu Jian
 11045 | Lair:2   | Noticed a five-headed hydra
 11053 | Lair:2   | Killed a five-headed hydra
 11154 | Lair:2   | Found a staircase to the Swamp.
 11154 | Lair:2   | Noticed an eleionoma
 11167 | Lair:2   | Killed an eleionoma
 11168 | Lair:2   | Reached skill level 9 in Fighting
 11555 | Lair:3   | Noticed a boulder beetle
 11565 | Lair:3   | Killed a boulder beetle
 11851 | Lair:3   | Noticed Amaemon
 11930 | D:10     | Entered Level 10 of the Dungeon
 12259 | D:10     | Found a hide-covered altar of Uskayaw.
 12537 | D:10     | Reached XP level 13. HP: 100/103 MP: 13/13
 12967 | D:11     | Found Pustid's Weapon Shoppe.
 12986 | D:11     | Found a staircase to the Orcish Mines.
 12988 | D:11     | Found Igrucun's Armour Shoppe.
 13050 | D:11     | Reached skill level 10 in Fighting
 13962 | Spider:1 | Entered Level 1 of the Spider Nest
 14079 | Lair:3   | Reached ***** piety under Wu Jian
 14094 | Lair:3   | Reached skill level 11 in Fighting
 14245 | Lair:3   | Killed Amaemon
 14652 | Lair:3   | Noticed a seven-headed hydra
 14670 | Lair:3   | Killed a seven-headed hydra
 14923 | Lair:4   | Found a dark tunnel.
 14939 | Volcano  | Entered a volcano
 15569 | Volcano  | Reached XP level 14. HP: 113/113 MP: 14/14
 15906 | Volcano  | Identified the +3 helmet of Unambiguity {Will+ Str+4}
 16078 | Lair:4   | Identified the +7 long sword of Antull {spect, rF+}
 16960 | D:12     | Found an iron altar of Okawaru.
 17911 | D:12     | Noticed Nessos
 17913 | D:12     | Nessos changed into Nessos the glass eye
 17913 | D:12     | Noticed Nessos
 17924 | D:12     | Killed Nessos the glass eye
 18273 | D:13     | Reached skill level 5 in Shields
 18628 | D:13     | Identified the +5 sling "Wudaysab" {drain, SInv}
 18709 | D:13     | Found a portal to a secret trove of treasure.
 19519 | Lair:5   | Entered Level 5 of the Lair of Beasts
 19531 | Lair:4   | Reached XP level 15. HP: 96/118 MP: 12/15
 19689 | Lair:5   | Noticed Josephine
 19707 | Lair:5   | Killed Josephine
 19727 | Lair:5   | Reached skill level 10 in Shields
 19984 | Lair:5   | Reached skill level 1 in Dodging
 20738 | Lair:5   | Reached skill level 10 in Armour
 20901 | Lair:5   | Reached skill level 12 in Fighting
 21461 | Lair:5   | Identified the staff of Wu Jian's Castigation {rPois Conj
                  | Necro}
 21614 | Lair:5   | Reached skill level 5 in Dodging
 21632 | Lair:5   | Found a runed translucent door.
 21635 | Lair:5   | Noticed an azure jelly
 21636 | Lair:5   | Found a staircase to the Slime Pits.
 22185 | Orc:1    | Entered Level 1 of the Orcish Mines
 22227 | Orc:1    | Reached XP level 16. HP: 120/129 MP: 14/16
 22759 | Orc:2    | Entered Level 2 of the Orcish Mines
 22897 | Orc:2    | Found Gesaytt's Weapon Emporium.
 22912 | Orc:2    | Found a staircase to the Elven Halls.
 23052 | Orc:2    | Reached skill level 13 in Fighting
 23643 | Orc:2    | Found Huapsilase's Magic Scroll Boutique.
 23643 | Orc:2    | Found Kotimp's Jewellery Shoppe.
 23645 | Orc:2    | Found Saicagg's Antique Weapon Emporium.
 23647 | Orc:2    | Found Zeihuum's Armour Shop.
 23654 | Orc:2    | Bought a scroll of enchant armour for 135 gold pieces
 23654 | Orc:2    | Bought a scroll of revelation for 135 gold pieces
 23662 | Orc:2    | Bought the +0 plate armour of Igomojay {rPois rF+++ Int-4
                  | Dex+6} for 1101 gold pieces
 24338 | Lair:2   | Upgraded the game from 0.31-a0-1204-ge2c1a860ed to
                  | 0.31-a0-1206-g41278d8d1d
 25241 | Spider:1 | Gained mutation: You occasionally shout uncontrollably at
                  | your foes. [mutagenic glow]
 26588 | Spider:2 | Reached skill level 14 in Fighting
 26600 | Spider:2 | Reached XP level 17. HP: 89/139 MP: 0/17
 27211 | Spider:2 | Reached skill level 10 in Evocations
 28830 | D:14     | Reached ****** piety under Wu Jian
 29066 | D:14     | Reached skill level 15 in Shields
 29295 | D:14     | Found a gate to the Vaults.
 29755 | Swamp:1  | Entered Level 1 of the Swamp
 29878 | Swamp:1  | Reached skill level 1 in Throwing
 30836 | Swamp:2  | HP: 2/139 [spriggan berserker/+1 antimagic hand axe (15)]
 30839 | Swamp:2  | Reached XP level 18. HP: 28/146 MP: 0/18
 31211 | Swamp:2  | Reached skill level 5 in Throwing
 31627 | D:15     | Entered Level 15 of the Dungeon
 32626 | D:15     | Found a runed translucent gate.
 32626 | D:15     | Found a runed translucent gate.
 32626 | D:15     | Found a runed translucent gate.
 32856 | D:15     | Found a staircase to the Depths.
 32930 | D:15     | Noticed grandjackal's ghost (adept DrGl)
 33473 | Spider:3 | Noticed Arachne
 33477 | Spider:3 | Killed Arachne
 33488 | Spider:3 | Reached skill level 15 in Fighting
 34501 | Spider:3 | Found a transporter.
 34504 | Spider:3 | Found a transporter.
 34505 | Spider:3 | Found the ring of the Hare {EV+10}
 34515 | Spider:3 | Noticed Asterion
 34524 | Spider:3 | Killed Asterion
 34526 | Spider:3 | Noticed Amnoo's ghost (adept GnSh)
 34533 | Spider:3 | Reached skill level 16 in Fighting
 34729 | Spider:3 | Reached XP level 19. HP: 134/158 MP: 19/19
 35446 | Swamp:3  | Reached skill level 17 in Fighting
 36937 | Swamp:4  | Entered Level 4 of the Swamp
 36972 | Swamp:4  | Identified the serpent talisman of Osar Seth {rF+}
 36972 | Swamp:4  | Noticed Aizul
 36989 | Swamp:4  | Killed Aizul
 37334 | Swamp:4  | Noticed a tentacled monstrosity
 37340 | Swamp:4  | Gained mutation: You are weak. (Str -2) [a neqoxec]
 37352 | Swamp:4  | Killed a tentacled monstrosity
 37618 | Swamp:4  | Found a transporter.
 37626 | Swamp:4  | Reached skill level 15 in Armour
 37633 | Swamp:4  | Noticed Nikola
 37651 | Swamp:4  | Noticed Vioczuc's ghost (adept TrCK)
 37651 | Swamp:4  | Found a transporter.
 38342 | Swamp:4  | Got a decaying rune of Zot
 38637 | Spider:4 | Entered Level 4 of the Spider Nest
 39165 | Spider:4 | Reached XP level 20. HP: 159/168 MP: 0/20
 40944 | Spider:4 | Got a gossamer rune of Zot
 41021 | Spider:4 | Upgraded the game from 0.31-a0-1206-g41278d8d1d to
                  | 0.31-a0-1227-g0136665373
 41400 | Vaults:1 | Entered Level 1 of the Vaults
 42545 | Vaults:1 | Reached skill level 10 in Dodging
 43588 | Vaults:1 | Reached XP level 21. HP: 176/176 MP: 21/21
 43632 | Vaults:1 | Reached skill level 18 in Fighting
 44680 | Vaults:2 | Reached skill level 19 in Fighting
 45916 | Vaults:2 | Identified the +3 ring mail "Lejiozae" {rElec Int+3 Dex+3}
 45976 | Vaults:2 | Found Quepsead's Antique Armour Emporium.
 45985 | Vaults:2 | Bought a pair of embroidered boots for 150 gold pieces
 45985 | Vaults:2 | Bought an embroidered cloak for 150 gold pieces
 46439 | Vaults:3 | Noticed a dread lich
 46479 | Vaults:2 | Killed a dread lich
 47362 | Vaults:3 | Found a runed translucent gate.
 47362 | Vaults:3 | Found a runed translucent gate.
 47362 | Vaults:3 | Found a runed translucent gate.
 47362 | Vaults:3 | Found an ancient bone altar of Kikubaaqudgha.
 47362 | Vaults:3 | Noticed an ancient lich
 47362 | Vaults:3 | Noticed Phlounder's ghost (adept DjHW)
 47386 | Vaults:3 | Killed an ancient lich
 47387 | Vaults:3 | Reached skill level 10 in Throwing
 47393 | Vaults:3 | Reached XP level 22. HP: 167/187 MP: 20/22
 47400 | Vaults:3 | Killed Phlounder's ghost
 47418 | Vaults:3 | Identified the +6 rapier of Uncomfortable Rashes {flame,
                  | rElec rF- Str+7}
 47419 | Vaults:3 | Identified the +4 pair of gloves of Proximity {Stlth+}
 47442 | Vaults:3 | Identified the ring "Ydaar" {rF+ MP+9 Int+6}
 47804 | Vaults:3 | Found a staircase to the Crypt.
 47804 | Vaults:3 | Found an ancient bone altar of Kikubaaqudgha.
 47805 | Vaults:3 | Found a basalt altar of Yredelemnul.
 48710 | Vaults:4 | Found Zaqegrir's General Store.
 49030 | Vaults:4 | Noticed a golden dragon
 49192 | Vaults:4 | Reached skill level 1 in Stealth
 50280 | Vaults:4 | Upgraded the game from 0.31-a0-1227-g0136665373 to
                  | 0.31-a0-1237-gabc64e778c
 50703 | Slime:1  | Entered Level 1 of the Pits of Slime
 52050 | Slime:3  | Reached XP level 23. HP: 194/194 MP: 23/23
 52260 | Slime:4  | Gained mutation: Your magical capacity is low. (-10% MP) [a
                  | shining eye]
 52877 | Slime:5  | Entered Level 5 of the Pits of Slime
 53782 | Slime:5  | Reached skill level 15 in Throwing
 55229 | Slime:5  | Noticed the Royal Jelly
 55237 | Slime:5  | Killed the Royal Jelly
 55765 | Slime:5  | Found the +16 obsidian axe {drain, demonic, Mesm ^Drain Fly
                  | SInv}
 55776 | Slime:5  | Got a slimy rune of Zot
 55777 | Slime:5  | Identified the +10 morningstar of Famine {heavy, rN+ rCorr
                  | Int+5 Stlth-}
 55802 | Slime:5  | Identified the ring of Ysodit {rCorr Dex+3}
 55842 | Slime:5  | Identified the ring "Gaak" {rF+ rN+ Int-5 Dex+7}
 56060 | Slime:5  | Identified the +0 long sword of Famine {flame, *Noise Will+
                  | rCorr Int+3}
 56510 | Elf:1    | Entered Level 1 of the Elven Halls
 56546 | Elf:1    | Noticed Donald
 56652 | Orc:2    | Killed Donald
 57175 | Elf:1    | Noticed Roxanne
 57186 | Elf:1    | Killed Roxanne
 58323 | Elf:2    | Found Ychef's Distillery.
 58605 | Elf:2    | Reached XP level 24. HP: 98/202 MP: 11/20
 58945 | Elf:2    | Bought 2 potions of cancellation for 224 gold pieces
 58945 | Elf:2    | Bought a potion of curing for 42 gold pieces
 58945 | Elf:2    | Bought a potion of invisibility for 112 gold pieces
 58945 | Elf:2    | Bought a potion of enlightenment for 70 gold pieces
 58945 | Elf:2    | Bought a potion of enlightenment for 70 gold pieces
 59021 | Elf:2    | Found a runed translucent gate.
 59022 | Elf:2    | Found a runed translucent gate.
 59022 | Elf:2    | Found a runed translucent gate.
 59313 | Elf:2    | Reached skill level 20 in Fighting
 59855 | Elf:3    | Entered Level 3 of the Elven Halls
 60351 | Elf:3    | Identified the +10 chain mail of the Furies {*Slow rElec
                  | Int+3 Dex+2}
 60353 | Elf:3    | Identified the +4 trident "Riheonoh" {freeze, *Noise rElec
                  | rCorr Stlth-}
 60953 | Elf:3    | Identified the +2 pair of gloves "Pepp" {Int+5 Stlth+}
 61313 | Elf:3    | Identified the +7 lajatang "Zettoriqa" {drain, rCorr MP-9
                  | Int+2}
 61372 | Elf:3    | Identified the +6 whip of Disaster {freeze, Will+ Str-4
                  | Int+5}
 61386 | Elf:3    | Identified the ring "Kaodurax" {*Corrode rF+ rN+ Dex+6}
 61396 | Elf:3    | Identified the amulet of Fuben {Spirit Will+}
 61431 | Elf:3    | Identified the +6 broad axe of the Sugar Beet {venom, rC+++
                  | Int+4 Dex-4}
 61432 | Elf:3    | Identified the +4 falchion of the Mouth {drain, rC+}
 61433 | Elf:3    | Identified the +0 trident "Qecyhahi" {spect, rN+}
 61524 | Elf:3    | Got the Folio of Momentum
 62038 | Depths:1 | Entered Level 1 of the Depths
 62094 | Depths:1 | Found Hipnae's Weapon Boutique.
 62098 | Depths:1 | Found Ginninys's Distillery.
 62099 | Depths:1 | Found Cigh's Antique Weapon Boutique.
 62108 | Depths:1 | Bought a potion of heal wounds for 95 gold pieces
 62108 | Depths:1 | Bought a potion of curing for 57 gold pieces
 62108 | Depths:1 | Bought a potion of heal wounds for 95 gold pieces
 62108 | Depths:1 | Bought a potion of curing for 57 gold pieces
 62108 | Depths:1 | Bought a potion of invisibility for 152 gold pieces
 62110 | Depths:1 | Bought the +10 morningstar "Eos" {elec, Halo rElec} for
                  | 1406 gold pieces
 62110 | Depths:1 | Found the +10 morningstar "Eos" {elec, Halo rElec}
 62454 | Depths:1 | Reached skill level 21 in Fighting
 63264 | Depths:1 | Found a gateway to Hell.
 63610 | Depths:1 | Reached XP level 25. HP: 214/214 MP: 20/20
 64511 | Depths:2 | Found a bloodstained altar of Trog.
 64513 | Depths:2 | Found a one-way gate leading to the halls of Pandemonium.
 64571 | Depths:2 | Found a glowing golden altar of the Shining One.
 64614 | Depths:2 | Reached skill level 15 in Evocations
 65100 | Depths:2 | Noticed Saint Roka
 65132 | Depths:2 | Killed Saint Roka
 65360 | Depths:2 | Found a shadowy altar of Dithmenos.
 65374 | Depths:2 | Identified the +4 shortbow "Morgh" {drain, rF+ Int+4}
 65613 | Depths:2 | Found a shimmering altar of Xom.
 65613 | Depths:2 | Noticed Norris
 65669 | Depths:2 | Killed Norris
 65675 | Depths:2 | Reached skill level 22 in Fighting
 65746 | Depths:2 | HP: 5/211 [spriggan berserker/+0 war axe (32)]
 65746 | Depths:2 | Mangled by a spriggan berserker

Illustrated notes

Levels and vault maps discovered:
D:1:      heliophobic_arrival_dark_side_of_the_moon, layout_loops_cross,
          shapermc_ecumenical_altar_petra, nicolae_the_louvre
D:2:      layout_rooms, basic_altar, minmay_box_of_dots, uniq_sigmund
D:3:      layout_loops_corners, uniq_jessica
D:4:      layout_basic, nicolae_gozag_cash_rules_everything_around_me,
          lightli_sewer_entry_pipes, serial_shops, shop,
          minmay_stone_trees_medium, grunt_tough_drop
D:5:      layout_rooms, uniq_crazy_yiuf_cottage
D:6:      layout_loops_ring, minitemple, minmay_temple_entry_ruins,
          uniq_jeremiah
D:7:      layout_rooms, kennysheep_nub, grunt_decor_arrowhead, lightli_minifort
D:8:      layout_basic, st_stairs_9
D:9:      layout_stronghold, chequers_temple_overflow_statue_of_worship,
          minmay_lair_entry_grove
D:10:     layout_gridville, nicolae_uskayaw_dance_studio
D:11:     layout_stronghold, orc_david_3
D:12:     layout_rooms, okawaru_metal_pillars_3, uniq_nessos
D:13:     layout_irregular_city, nicolae_trove_entry_free_sample
D:14:     layout_loops_ring, hellmonk_vaults_keyhole
D:15:     hellmonk_depths_entry_around_the_bend, layout_irregular_city,
          minivault_25, gammafunk_ghost_icy
Temple:   minmay_temple_curvy_branch
Lair:1:   layout_hall_layers, beast_lair_carwin_11, serial_bayou_shore_a
Lair:2:   layout_chaotic_city, alex1729_swamp_entry_worm_eleionoma,
          spider_nest_entry_a
Lair:3:   layout_cave_shapes, uniq_amaemon
Lair:4:   hellmonk_destroyed_diamonds, layout_long_grid,
          nicolae_volcano_entry_batcave
Lair:5:   evilmike_catoblepas_cave, layout_loops_ring, slime_entry_2,
          serial_bayou_lagoon_a, grunt_forest_small_clearings, uniq_josephine
Swamp:1:  nicolae_swamp_wrong_neighborhood, layout_basic_swamp,
          evilmike_swamp_ruin_house_6, infiniplex_staircase_pool
Swamp:2:  layout_basic_swamp, evilmike_swamp_ruin_house_4, st_swamp_mini
Swamp:3:  nzn_winding_woodlands_small [nzn_winding_woodlands_5x15_jagged,
          nzn_winding_woodlands_center_garden,
          nzn_winding_woodlands_5x15_crooked], layout_basic_swamp,
          hangedman_swamp_ruin_wall, swamp_pool_1_2
Swamp:4:  nzn_swamp_witches_coven, layout_basic_swamp,
          gammafunk_ghost_mausoleum, swamp_pool_1_2, uniq_nikola, uniq_aizul,
          uniq_bai_suzhen
Spider:1: layout_spider_delve
Spider:2: layout_spider_delve, beargit_elvish_explorers
Spider:3: layout_spider_delve, nzn_ghost_randoct, nicolae_arachne_temple,
          uniq_asterion, uniq_arachne
Spider:4: spider_rune_water, hellmonk_narrow_tunnel
Slime:1:  layout_caves
Slime:2:  layout_caves
Slime:3:  layout_caves, nicolae_slime_barrier
Slime:4:  layout_caves
Slime:5:  slime_pit
Orc:1:    nicolae_orc_accident_3, layout_diamond_mine
Orc:2:    st_orc_rangers, layout_caves, serial_shops, shop_coins
Elf:1:    nicolae_elf_arrival_fired_up, layout_loops_ring,
          nicolae_elf_crossing_hall, minivault_24, uniq_donald, uniq_roxanne
Elf:2:    nicolae_elf_blades_crystal_corner, layout_geoelf_grid, serial_shops,
          nicolae_shop_industrial_runoff
Elf:3:    grunt_elf_hall_spiral, layout_onion_city, uniq_louise
Vaults:1: nicolae_vaults_little_ls, nicolae_vaults_inception_statues,
          nicolae_vaults_meiosis, nicolae_vaults_big_ls,
          hangedman_vaults_stream, v_misc_1, nicolae_vaults_arrows,
          nicolae_vaults_closet_pinwheel_4, ontoclasm_vaults_pinch,
          nicolae_vaults_lightning_bolt, v_misc_13, ontoclasm_vaults_hangar,
          layout_vaults_maze_bifur
Vaults:2: nicolae_vaults_offset_grid_hallway_4, nicolae_vaults_angled_halls,
          v_misc_33, ontoclasm_vaults_ring_square, ontoclasm_vaults_tryst,
          nicolae_vaults_diamond_1, hangedman_vaults_unwind,
          nicolae_vaults_diagonal_hallway_9, vaults_dpeg_doors,
          hangedman_vaults_hat, nicolae_vaults_shrinking_rooms_1,
          nicolae_vaults_tetromino_T_1, nicolae_vaults_sealed_display,
          ontoclasm_vaults_twist, v_misc_16, layout_vaults_omnibox,
          serial_shops, nicolae_shop_gibbet_a_chance
Vaults:3: gammafunk_ghost_crypt, nicolae_vaults_tetromino_L_2,
          minmay_crypt_entry_necro_gods, nicolae_vaults_shipping_containers_3,
          ontoclasm_vaults_ligature, dpeg_vaults_monster_row,
          nicolae_vaults_network_barrier, vaults_room_semicircle,
          nicolae_vaults_trapezoid_layered, nicolae_vaults_twisting_passages,
          nicolae_vaults_theta, nicolae_vaults_heart-shaped_vault,
          vaults_standard_mumra_lines, vaults_room_corners,
          nicolae_vaults_shelves_hall, layout_vaults_omnicross
Vaults:4: v_misc_31, nicolae_vaults_trapezoid_3,
          nicolae_vaults_trapezoid_lopsided_3,
          nicolae_vaults_stairing_the_circle, nicolae_vaults_specimen_jars,
          nicolae_vaults_three_branches, nicolae_vaults_closet_pinwheel_5,
          vaults_room_door_hall, layout_vaults_omnigrid, serial_shops, shop
Depths:1: layout_honeycomb, abandoned_shop, hell_entry, kennysheep_four_rooms,
          minmay_shop_star, grunt_megastairs_4
Depths:2: grunt_profane_halls [grunt_profane_temple_geh,
          grunt_profane_temple_dis, grunt_profane_temple_tar,
          grunt_profane_temple_coc, grunt_profane_loot], pan_entry, hell_entry,
          uniq_saint_roka, uniq_norris

Skill      XL: |  1  2  3  4  5  6  7  8  9 10 11 12 13 14 15 16 17 18 19 20 21 22 23 24 25 |
---------------+----------------------------------------------------------------------------+-----
Fighting       | 5 6 7 9 11 12 14 16 17 19 21 22 | 22.2
Maces & Flails | 4 5 6 7 11 13 16 18 20 | 20.0
Evocations     | 1 3 4 7 9 10 12 13 15 | 15.0
Armour         | 4 5 8 9 11 12 15 17 19 21 | 21.0
Shields        | 8 10 12 16 17 19 | 19.0
Dodging        | 5 6 7 10 | 10.0
Throwing       | 4 8 10 14 16 | 16.0
Stealth        | 3 |  3.0

Action                     |  1- 3 |  4- 6 |  7- 9 | 10-12 | 13-15 | 16-18 | 19-21 | 22-24 | 25-27 || total
---------------------------+-------+-------+-------+-------+-------+-------+-------+-------+-------++-------
  Melee: Flail             |    93 |   128 |   185 |       |       |       |       |       |       ||   406
         Giant spiked club |       |       |   144 |   513 |       |       |       |       |       ||   657
         Giant club        |       |       |    22 |       |       |       |       |       |       ||    22
         Great mace        |       |       |       |    31 |  1291 |  1617 |  1537 |  1411 |       ||  5887
         Morningstar       |       |       |       |       |       |       |       |   430 |   386 ||   816
   Fire: Arbalest          |       |       |       |     6 |       |       |       |       |       ||     6
         Longbow           |       |       |       |       |     1 |       |       |       |       ||     1
  Throw: Boomerang         |       |       |       |       |     3 |     3 |       |       |       ||     6
         Javelin           |       |       |       |       |       |     1 |     7 |     6 |     5 ||    19
 Invoke: Serpent's Lash    |       |       |       |       |     5 |     7 |     4 |     4 |     2 ||    22
         Heavenly Storm    |       |       |       |       |     2 |     4 |     4 |     1 |     2 ||    13
Ability: Lunge             |       |       |     5 |    35 |    54 |    94 |    86 |    90 |     9 ||   373
         Whirlwind         |       |       |       |    42 |   209 |   341 |   237 |   346 |   150 ||  1325
         Dig               |       |       |       |     2 |     3 |     2 |       |     2 |       ||     9
         Wall Jump         |       |       |       |       |     1 |     1 |       |       |       ||     2
  Evoke: Wand              |       |       |       |     5 |     3 |    13 |       |     1 |     2 ||    24
    Use: Potion            |     3 |       |       |     1 |     2 |     7 |     2 |       |     7 ||    22
         Scroll            |       |     6 |     2 |    10 |     8 |     9 |     3 |     9 |       ||    47
   Stab: Held in net/web   |       |       |       |       |       |     1 |       |       |       ||     1
         Distracted        |       |       |       |       |       |     1 |     2 |       |       ||     3
         Invisible         |       |       |       |       |       |       |     5 |       |       ||     5
 Armour: Scale mail        |    62 |    65 |   107 |       |       |       |       |       |       ||   234
         Plate armour      |       |       |    91 |    72 |   630 |   868 |   586 |   739 |   248 ||  3234
         Acid dragon scale |       |       |       |   276 |       |       |       |       |       ||   276
  Dodge: Dodged            |    46 |    59 |   200 |   444 |   461 |   894 |   546 |   490 |   159 ||  3299
         Repelled          |       |       |       |       |     5 |    20 |     8 |       |       ||    33
  Block: Buckler           |    26 |    30 |    41 |     4 |   127 |       |       |       |       ||   228
         Kite shield       |       |       |       |       |   181 |  1015 |  1029 |   926 |   260 ||  3411
         Tower shield      |       |       |       |       |       |   178 |       |       |       ||   178
         Reflection        |       |       |       |       |       |       |       |    61 |     1 ||    62

Table legend: (Time is in decaauts)
 A = Elapsed time spent in this place.
 B = Non-inter-level travel time spent in this place.
 C = Inter-level travel time spent in this place.
 D = Time resting spent in this place.
 E = Time spent auto-exploring this place.
 F = Levels seen in this place.
 G = Mean time per level.
                   A        B        C        D        E       F      G
               +--------+--------+--------+--------+--------+-----+--------+
         Total |  65327 |  59820 |   5507 |  20386 |  22940 |  47 | 1389.9 |
       Dungeon |  16903 |  15252 |   1651 |   3683 |   7613 |  15 | 1126.9 |
        Temple |     58 |     10 |     48 |      0 |      0 |   1 |   58.0 |
          Lair |   9303 |   7688 |   1615 |   2931 |   2771 |   5 | 1860.6 |
         Swamp |   5054 |   4852 |    202 |   2054 |   1530 |   4 | 1263.5 |
   Spider Nest |   8792 |   7622 |   1170 |   3253 |   2049 |   4 | 2198.0 |
    Slime Pits |   5279 |   5083 |    196 |   2063 |   1431 |   5 | 1055.8 |
  Orcish Mines |   1943 |   1824 |    119 |    704 |    664 |   2 |  971.5 |
   Elven Halls |   4974 |   4767 |    207 |   1534 |   1619 |   3 | 1658.0 |
        Vaults |   8219 |   7985 |    234 |   2333 |   3683 |   4 | 2054.8 |
        Depths |   3623 |   3561 |     62 |   1484 |   1279 |   2 | 1811.5 |
         Sewer |    220 |    220 |      0 |     24 |    104 |   1 |  220.0 |
       Volcano |    953 |    953 |      0 |    323 |    196 |   1 |  953.0 |
               +--------+--------+--------+--------+--------+-----+--------+

Top non-repeatable levels by time:
Spider:1: 3515 daAuts
Spider:4: 2264 daAuts
Vaults:1: 2219 daAuts
Vaults:2: 2206 daAuts
Vaults:3: 2151 daAuts
  Lair:5: 2148 daAuts
  Lair:2: 2125 daAuts
Depths:1: 2123 daAuts
   Elf:2: 2120 daAuts
  Lair:1: 2105 daAuts
 Swamp:3: 2070 daAuts
 Slime:4: 1846 daAuts
    D:14: 1810 daAuts
   Elf:3: 1708 daAuts
 Slime:5: 1691 daAuts
